 Dungeon Crawl Stone Soup version 0.31-a0-1163-gcee99d1eea (webtiles) character file.

Game seed: 6889733761983821280

1353 James the Grappler (level 8, 0/50 HPs)
             Began as an Octopode Shapeshifter on Dec 9, 2023.
             Was an Initiate of Gozag.
             Slain by a killer bee (9 damage)
             ... on level 7 of the Dungeon.
             The game lasted 00:14:46 (7033 turns).

James the Grappler (Octopode Shapeshifter)          Turns: 7033, Time: 00:14:47

Health: 0/50       AC:  1    Str: 15    XL:     8   Next: 63%
Magic:  8/8        EV: 13    Int: 13    God:    Gozag
Gold:   208        SH:  0    Dex: 11    Spells: 7/7 levels left

rFire   . .          .
                       - Unarmed
rCold   . . .        (no shield)
rNeg    . . .        (helmet currently unavailable)
rPois   .            (no amulet)
rElec   .            z - ring of see invisible
rCorr   .            (no ring)
SInv    +            (no ring)
Will    .....        (no ring)
Stlth   ++           (no ring)
HPRegen 0.28/turn    (no ring)
MPRegen 0.11/turn    (no ring)
                     (no ring)

%: no passive effects
@: lethally poisoned (0 -> -4), beast-form, gold aura
A: beast (slay +4), almost no armour, amphibious, 8 rings, camouflage 1,
gelatinous body 1, (nimble swimmer 1), tentacles
a: Begin Untransformation, Renounce Religion, Potion Petition, Call Merchant,
Bribe Branch


You were on level 7 of the Dungeon.
You worshipped Gozag.
Gozag was aware of your devotion.
You were a hulking beast.
You visited 2 branches of the dungeon, and saw 8 of its levels.

You collected 425 gold pieces.
You spent 142 gold pieces at shops.
You paid 75 gold pieces to Gozag.

Inventory:

Hand Weapons
 b - a +0 sling
   (You found it on level 6 of the Dungeon)
 l - a +3 trident of protection
   (You took it off an orc on level 4 of the Dungeon)
 q - the +7 hand axe of the Hurting Gods {flame, rF+ Int+2}
   (You found it on level 5 of the Dungeon)

   Int+2:     It affects your intelligence (+2).
   rF+:       It protects you from fire.
Missiles
 e - 69 stones
 i - 4 boomerangs (quivered)
 j - 2 silver javelins
 w - 5 javelins
Magical Staves
 t - a staff of death
   (You found it on level 6 of the Dungeon)
Jewellery
 z - a ring of see invisible (left tentacle)
   (You took it off a goblin on level 2 of the Dungeon)
Talismans
 c - a flux talisman
 g - a beast talisman
 r - a maw talisman
   (You found it on level 6 of the Dungeon)
Wands
 k - a wand of mindburst (37)
   (You took it off a goblin on level 4 of the Dungeon)
 x - a wand of polymorph (11)
   (You found it on level 7 of the Dungeon)
Scrolls
 n - a scroll of fear
 u - a scroll of poison {unknown}
Potions
 a - 4 potions of lignification {!q}
 d - 3 potions of heal wounds {@q2}
 f - 4 potions of curing {@q1}
 h - 2 potions of cancellation
 m - a potion of might
 o - 3 potions of brilliance
 p - a potion of ambrosia
 s - 2 potions of haste {@q3}
 v - a potion of enlightenment {unknown}


   Skills:
 + Level 2.1 Fighting
 + Level 2.1 Dodging
 - Level 8.0 Unarmed Combat
 - Level 7.0 Shapeshifting


You had 7 spell levels left.
You didn't know any spells.
Your spell library contained the following spells:

 Spells                   Type           Power      Damage    Failure   Level
 Sandblast                Erth           0%         2d4       30%         1
 Passwall                 Tmut/Erth      0%         N/A       43%         2
 Scorch                   Fire           0%         2d5       43%         2
 Wereblood                Tmut           0%         N/A       43%         2
 Dazzling Flash           Conj/Hex       0%         N/A       67%         3
 Stone Arrow              Conj/Erth      0%         3d7       67%         3
 Volatile Blastmotes      Fire/Tloc      0%         2d10      67%         3
 Brom's Barrelling Bould  Conj/Erth      0%         2d3       97%         4
 Flame Wave               Conj/Fire      0%         2d4       97%         4
 Irradiate                Conj/Tmut      0%         3d11      100%        5
 Starburst                Conj/Fire      0%         6d3       100%        6
 Summon Cactus Giant      Summ           0%         N/A       100%        6
 Maxwell's Capacitive Co  Air            0%         ∞         100%        8


Dungeon Overview and Level Annotations

Branches:
Dungeon (7/15)             Temple (1/1) D:6

Altars:
Ashenzari
Cheibriados
Elyvilon
Gozag
Kikubaaqudgha
Makhleb
Nemelex Xobeh
Okawaru
Qazlal
Ru
Sif Muna
Trog
Vehumet
Wu Jian
Xom
Yredelemnul
Zin
The Shining One

Shops:
D:3 *   D:5 [   D:6 [*[

Annotations:
D:6 1 exclusion


Innate Abilities, Weirdness & Mutations

You are a hulking beast.
Your limbs bulge with bestial killing power. (Slay +4)
You cannot wear most types of armour.
You are amphibious.
You can wear up to eight rings at the same time.
Your skin changes colour to match your surroundings (Stealth+).
Your rubbery body absorbs attacks. (AC +1, EV +1)
((You are camouflaged when in or above water. (Stealth+)))
You have tentacles for arms and can constrict up to eight enemies at once.


Message History

You feel sick. The killer bee misses you.
You see here 5 gold pieces.
The killer bee buzzes angrily.
You bludgeon the killer bee! Your grab misses the killer bee.
Your squeeze misses the killer bee.
You feel sick.
The killer bee is no longer distracted by gold.
The killer bee stings you!
You are more poisoned.
The killer bee poisons you! The killer bee stings you.
You bludgeon the killer bee! You grab the killer bee.
You constrict the killer bee.
You kill the killer bee!
You feel sick.
The sleepcap is distracted by your dazzling golden aura.
The killer bee barely misses you.
You tentacle-slap the killer bee. You grab the killer bee.
You constrict the killer bee.
You feel sick. The killer bee closely misses you. x2
You tentacle-slap the killer bee but do no damage.
You constrict the killer bee.
You feel sick.
The sleepcap is no longer distracted by gold.
The killer bee closely misses you.
You tentacle-slap the killer bee. You constrict the killer bee.
You feel sick. The killer bee closely misses you. x2
You tentacle-slap the killer bee. You constrict the killer bee.
You feel sick. The killer bee closely misses you. x2
You tentacle-slap the killer bee.
You kill the killer bee!
You feel sick. The killer bee barely misses you.
Training target 7.0 for Shapeshifting reached!
Your Shapeshifting skill increases to level 7!
You need to enable at least one skill for training.
You closely miss the killer bee. Your grab misses the killer bee.
You feel sick. The killer bee closely misses you.
You barely miss the killer bee. You grab the killer bee.
You constrict the killer bee.
You feel sick. The killer bee stings you!
* * * LOW HITPOINT WARNING * * *
The killer bee stings you.
* * * LOW HITPOINT WARNING * * *
You bludgeon the killer bee!
Your tentacle-slap misses the killer bee.
You constrict the killer bee.
You feel sick.
You are no longer poisoned.
The killer bee misses you. The killer bee stings you.
* * * LOW HITPOINT WARNING * * *
You are poisoned.
The killer bee poisons you!
You barely miss the killer bee. You constrict the killer bee.
You feel sick. The killer bee stings you!
You die...
Your body crumbles into a pile of gold.

##. #.. . #..### ..
#..... ... # #....# ....
# #..$.# .....
###########....###......
................hyf.....
####......#..#.###.#####
# #..[......#.# #
####....#.#.##.#
...'...........#
####..........##
..............#
####..........#
..##....##.####


You could see a sleepcap and a killer bee.

Vanquished Creatures
  2 ogres
  A centaur (D:6)
  3 phantoms
  2 bullfrogs
  A scorpion (D:5)
  3 killer bees (D:7)
  2 jellies (D:5)
  An orc priest (D:7)
  5 hounds
  An iguana (D:5)
  Natasha (thrice) (D:4)
  A gnoll (D:4)
  9 adders
  2 shadow imps
  A white imp (D:7)
  2 ufetubi (D:7)
  4 worms
  9 orcs
  4 ball pythons
  11 endoplasms
  3 giant cockroaches
  11 hobgoblins
  9 jackals
  A quokka (D:4)
  3 frilled lizards
  7 goblins
  3 kobolds
  5 rats
109 creatures vanquished.

Notes
Turn   | Place    | Note
-------+----------+-------------------------------------------
     0 | D:1      | James the Octopode Shapeshifter began the quest for the
                  | Orb.
     0 | D:1      | Reached XP level 1. HP: 13/13 MP: 1/1
   272 | D:1      | Reached XP level 2. HP: 18/18 MP: 2/2
   700 | D:1      | Found a faded altar of an unknown god.
   962 | D:2      | Reached skill level 4 in Unarmed Combat
   992 | D:2      | Reached XP level 3. HP: 23/23 MP: 3/3
  2118 | D:3      | Found a burning altar of Makhleb.
  2171 | D:3      | Reached XP level 4. HP: 28/28 MP: 4/4
  2291 | D:3      | Found Vaos's General Store.
  2565 | D:3      | Reached skill level 5 in Unarmed Combat
  2575 | D:3      | Found a sparkling altar of Nemelex Xobeh.
  3179 | D:4      | Reached XP level 5. HP: 34/34 MP: 5/5
  3370 | D:4      | Noticed Natasha
  3373 | D:4      | Killed Natasha
  3461 | D:4      | Found a white marble altar of Elyvilon.
  3463 | D:4      | Found a radiant altar of Vehumet.
  3510 | D:4      | Noticed Natasha
  3518 | D:4      | Killed Natasha
  3632 | D:4      | Reached XP level 6. HP: 26/39 MP: 6/6
  4180 | D:4      | Found a shimmering altar of Xom.
  4181 | D:4      | Found a glowing silver altar of Zin.
  4399 | D:5      | Entered Level 5 of the Dungeon
  4420 | D:5      | Found Uxelaf's Armour Emporium.
  4452 | D:5      | Reached skill level 5 in Shapeshifting
  4830 | D:4      | Noticed Natasha
  4836 | D:4      | Killed Natasha
  4925 | D:5      | Reached skill level 6 in Unarmed Combat
  4925 | D:5      | Reached XP level 7. HP: 38/45 MP: 7/7
  5043 | D:5      | Identified the +7 hand axe of the Hurting Gods {flame, rF+
                  | Int+2}
  5374 | D:5      | Reached skill level 7 in Unarmed Combat
  5425 | D:6      | Found Puigosuc's Antique Armour Shop.
  5425 | D:6      | Found Bud Hoy's General Store.
  5425 | D:6      | Found Vashrobb's Antique Armour Shop.
  5562 | D:6      | Found a staircase to the Ecumenical Temple.
  5573 | Temple   | Entered the Ecumenical Temple
  5590 | Temple   | Became a worshipper of Gozag Ym Sagoz the Greedy
  5634 | D:6      | Reached XP level 8. HP: 25/50 MP: 8/8
  5754 | D:6      | Bought a scroll of identify for 22 gold pieces
  5878 | D:3      | Bought a potion of haste for 120 gold pieces
  6845 | D:7      | Reached skill level 8 in Unarmed Combat
  7033 | D:7      | Slain by a killer bee

Illustrated notes

Levels and vault maps discovered:
D:1:      scummos_arrival_hexagon, layout_loops_corners,
          shapermc_ecumenical_altar_totnotflames, hangedman_decor_growths,
          minmay_misc_feat_roman
D:2:      wander_river, layout_basic, minmay_misc_feat_x
D:3:      layout_basic, lemuel_doored_altar,
          mainiacjoe_overflow_six_doors_small, serial_shops, nicolae_shop_stone
D:4:      layout_basic, nicolae_overflow_hidden_temple, serial_rivers,
          chequers_serial_rivers_micro_c, chequers_serial_rivers_marsh,
          chequers_serial_rivers_micro_c, chequers_serial_rivers_small_b,
          chequers_serial_rivers_large_a, hangedman_minor_gate_pass,
          uniq_natasha
D:5:      layout_gridville, serial_shops, nicolae_take_the_stairs,
          minmay_misc_feat_more_columns
D:6:      layout_gridville, minmay_temple_entry_statues_fountains,
          nicolae_shop_distant_corner_stores
D:7:      layout_basic, serial_glass, glass_columns_c, glass_columns_b
Temple:   nicolae_temple_hex_pool

Skill      XL: |  1  2  3  4  5  6  7  8 |
---------------+-------------------------+-----
Unarmed Combat | 4 5 6 7 8 |  8.0
Fighting       | 2 |  2.1
Shapeshifting  | 4 5 6 7 |  7.0
Dodging        | |  2.1

Action                     |  1- 3 |  4- 6 |  7- 9 || total
---------------------------+-------+-------+-------++-------
  Melee: Unarmed           |    61 |    91 |    80 ||   232
         Tentacles         |    11 |    21 |     9 ||    41
         Constrict         |    11 |    23 |    13 ||    47
         Punch             |     2 |     4 |     1 ||     7
   Fire: Sling             |       |       |    17 ||    17
  Throw: Javelin           |       |       |     3 ||     3
         Boomerang         |       |       |     2 ||     2
    Use: Scroll            |       |    13 |     2 ||    15
   Stab: Sleeping          |     6 |     8 |     2 ||    16
 Armour: Skin              |    12 |    33 |    43 ||    88
  Dodge: Dodged            |    28 |    34 |    51 ||   113

Table legend: (Time is in decaauts)
 A = Elapsed time spent in this place.
 B = Non-inter-level travel time spent in this place.
 C = Inter-level travel time spent in this place.
 D = Time resting spent in this place.
 E = Time spent auto-exploring this place.
 F = Levels seen in this place.
 G = Mean time per level.
                   A        B        C        D        E       F      G
               +--------+--------+--------+--------+--------+-----+--------+
         Total |   7015 |   6387 |    628 |    440 |   4892 |   8 |  876.9 |
       Dungeon |   6980 |   6384 |    596 |    440 |   4892 |   7 |  997.1 |
        Temple |     34 |      2 |     32 |      0 |      0 |   1 |   34.0 |
               +--------+--------+--------+--------+--------+-----+--------+

Top non-repeatable levels by time:
     D:4: 1605 daAuts
     D:2: 1220 daAuts
     D:5: 1118 daAuts
     D:6: 975 daAuts
     D:1: 882 daAuts
     D:3: 829 daAuts
     D:7: 349 daAuts
  Temple: 34 daAuts
